 Dungeon Crawl Stone Soup version 0.31.0-11-ge490571c62 (webtiles) character file.

Game seed: 10911541906292386310

2586254 HourglassMan the Slayer (level 27, 245/245 (259) HPs)
             Began as a Naga Brigand on Feb 9, 2024.
             Was the Champion of Jiyva.
             Escaped with the Orb
             ... and 4 runes!
             The game lasted 02:39:18 (57864 turns).

HourglassMan the Slayer (Naga Brigand)             Turns: 57864, Time: 02:39:19

HP:   245/245 (259) AC: 55    Str: 26      XL:     27
MP:   23/23         EV: 14    Int:  6 (11) God:    Jiyva [******]
Gold: 793           SH: 39    Dex:  6 (8)  Spells: 26/26 levels left

rFire   + + +        h - +6 eveningstar (freeze)
rCold   + . .        r - +10 tower shield of Ignorance {rN+ Int-4}
rNeg    + . .        X - +15 gold dragon scales of Hadjma {+Inv rPois rF+ rC+ rCorr Dex-3}
rPois   +            (no helmet)
rElec   +            n - scarf {shadows}
rCorr   +            Z - +0 pair of gloves of Lediu {-Cast Rampage rElec Stlth+}
SInv    +            m - +4 barding
Will    +++..        p - amulet "Boxiesh" {Reflect rPois SH+5} Stlth
                     N - ring of Yesterday {rF+ rCorr EV+5}
HPRegen 2.20/turn    R - ring of the Open Hand {EV+5 Str+2}
MPRegen 0.98/turn

%: no spellcasting, reflection, rampage
@: hasted, drained, quick
A: AC +9, large, see invisible, deformed body, poison resistance, slowness 2,
spit poison 1, naga tail 2, large bone plates 1, clumsy 1, deterioration 1, fire
resistance 1, frail 1, inability to drink after injury 1
0: Orb of Zot
}: 4/15 runes: barnacled, slimy, silver, gossamer
a: Spit Poison, Renounce Religion, Evoke Invisibility, Oozemancy, Slimify


You escaped.
You worshipped Jiyva.
Jiyva was exalted by your worship.
You visited 11 branches of the dungeon, and saw 53 of its levels.
You also visited: Bailey.

You collected 4889 gold pieces.
You spent 4096 gold pieces at shops.

Inventory:

Hand Weapons
 h - a +6 eveningstar of freezing (weapon)
 x - a +0 sacred scourge of holy wrath
Missiles
 e - 7 curare-tipped darts
 i - 11 silver javelins
 B - 4 throwing nets
Armour
 j - the +2 fire dragon scales "Rutut" {rF++ rC- rN+ Str+2}
   (You found it in a bailey)

   Str+2:     It affects your strength (+2).
   rF++:      It greatly protects you from fire.
   rC-:       It makes you vulnerable to cold.
   rN+:       It protects you from negative energy.
 m - a +4 barding (worn)
 n - a scarf of shadows (worn)
 r - the +10 tower shield of Ignorance (worn) {rN+ Int-4}
   (You bought it in a shop on level 2 of the Orcish Mines)

   Int-4:     It affects your intelligence (-4).
   rN+:       It protects you from negative energy.
 K - a scarf of resistance
 X - the +15 gold dragon scales of Hadjma (worn) {+Inv rPois rF+ rC+ rCorr Dex-3}
   (You found it on level 3 of the Elven Halls)

   Dex-3:     It affects your dexterity (-3).
   rF+:       It protects you from fire.
   rC+:       It protects you from cold.
   rPois:     It protects you from poison +Inv: It lets you turn invisible.
   rCorr:     It protects you from acid and corrosion.
 Z - the +0 pair of gloves of Lediu (worn) {-Cast Rampage rElec Stlth+}
   (You bought it in a shop on level 2 of the Orcish Mines)

   rElec:     It insulates you from electricity.
   -Cast:     It prevents spellcasting.
   Rampage:   It bestows one free step when moving towards enemies.
   Stlth+:    It makes you more stealthy.
Jewellery
 p - the amulet "Boxiesh" (around neck) {Reflect rPois SH+5}
   (You found it on level 2 of the Lair of Beasts)

   [amulet of reflection]

   Reflect:   It reflects blocked missile attacks.
   rPois:     It protects you from poison SH+5: It affects your SH (+5).
 z - a +5 ring of evasion
 I - a ring of positive energy
 N - the ring of Yesterday (left hand) {rF+ rCorr EV+5}
   (You found it on level 5 of the Pits of Slime)

   [ring of evasion]

   EV+5:      It affects your evasion (+5).
   rF+:       It protects you from fire.
   rCorr:     It protects you from acid and corrosion.
 R - the ring of the Open Hand (right hand) {EV+5 Str+2}
   (You bought it in a shop on level 2 of the Orcish Mines)

   [ring of evasion]

   EV+5:      It affects your evasion (+5).
   Str+2:     It affects your strength (+2).
Talismans
 g - a dragon-blood talisman
 l - a granite talisman
Wands
 a - a wand of polymorph (8)
 d - a wand of paralysis (10)
 A - a wand of mindburst (43)
 G - a wand of iceblast (19)
 L - a wand of digging (1)
 M - a wand of flame (34)
 T - a wand of light (17)
Scrolls
 b - 3 scrolls of fog
 f - 3 scrolls of immolation
 w - 5 scrolls of teleportation
 y - 2 scrolls of poison
 H - 3 scrolls of revelation
 P - 2 scrolls of fear
 Q - a scroll of vulnerability
 S - 3 scrolls of enchant armour
 V - 3 scrolls of blinking
 Y - 2 scrolls of brand weapon
Potions
 u - 4 potions of ambrosia
 C - a potion of attraction
 F - 13 potions of curing
 W - 2 potions of resistance
Miscellaneous
 o - a box of beasts
 q - a lightning rod (4/4)
 s - a tin of tremorstones (2/2)
 J - a phial of floods
 O - a phantom mirror


   Skills:
 + Level 24.7 Fighting
 - Level 3.0 Short Blades
 - Level 16.0 Maces & Flails
 - Level 1.7 Throwing
 * Level 20.9 Armour
 - Level 10.0 Dodging
 - Level 5.8 Stealth
 * Level 21.8 Shields
 - Level 1.0 Unarmed Combat
 - Level 8.0 Evocations
 - Level 11.0 Shapeshifting


You had 26 spell levels left.
You didn't know any spells.
Your spell library contained the following spells:

 Spells                   Type           Power      Damage    Failure   Level
 Apportation              Tloc           0%         N/A       100%        1
 Freeze                   Ice            0%         1d3       100%        1
 Kiss of Death            Conj/Necr      0%         2d5       100%        1
 Shock                    Conj/Air       0%         1d3       100%        1
 Slow                     Hex            0%         N/A       100%        1
 Sting                    Conj/Alch      0%         1d3       100%        1
 Summon Small Mammal      Summ           0%         N/A       100%        1
 Cigotuvi's Dreadful Rot  Necr/Alch/Air  0%         N/A       100%        2
 Ensorcelled Hibernation  Hex/Ice        0%         N/A       100%        2
 Jinxbite                 Hex            0%         N/A       100%        2
 Lesser Beckoning         Tloc           0%         N/A       100%        2
 Mercury Vapours          Alch/Air       0%         N/A       100%        2
 Momentum Strike          Conj/Tloc      0%         3d8       100%        2
 Sublimation of Blood     Necr           0%         N/A       100%        2
 Confusing Touch          Hex            0%         N/A       100%        3
 Frozen Ramparts          Ice            0%         1d1       100%        3
 Fugue of the Fallen      Necr           0%         N/A       100%        3
 Gell's Gravitas          Tloc           0%         N/A       100%        3
 Hailstorm                Conj/Ice       0%         3d5       100%        3
 Mephitic Cloud           Conj/Alch/Air  0%         N/A       100%        3
 Sigil of Binding         Hex            0%         N/A       100%        3
 Summon Ice Beast         Ice/Summ       0%         N/A       100%        3
 Teleport Other           Tloc           0%         N/A       100%        3
 Tukima's Dance           Hex            0%         N/A       100%        3
 Vampiric Draining        Necr           0%         2d6       100%        3
 Volatile Blastmotes      Fire/Tloc      0%         2d10      100%        3
 Anguish                  Hex/Necr       0%         N/A       100%        4
 Animate Armour           Summ/Erth      0%         N/A       100%        4
 Animate Dead             Necr           0%         N/A       100%        4
 Cause Fear               Hex            0%         N/A       100%        4
 Leda's Liquefaction      Alch/Erth      0%         N/A       100%        4
 Olgreb's Toxic Radiance  Alch           0%         N/A       100%        4
 Passage of Golubria      Tloc           0%         N/A       100%        4
 Petrify                  Alch/Erth      0%         N/A       100%        4
 Summon Lightning Spire   Summ/Air       0%         N/A       100%        4
 Vhi's Electric Charge    Tloc/Air       0%         N/A       100%        4
 Alistair's Intoxication  Alch           0%         N/A       100%        5
 Arcjolt                  Conj/Air       0%         1d10      100%        5
 Borgnjor's Vile Clutch   Necr/Erth      0%         N/A       100%        5
 Fireball                 Conj/Fire      0%         3d3       100%        5
 Irradiate                Conj/Alch      0%         3d11      100%        5
 Lee's Rapid Deconstruct  Erth           0%         3d4*      100%        5
 Metabolic Englaciation   Hex/Ice        0%         N/A       100%        5
 Silence                  Hex/Air        0%         N/A       100%        5
 Yara's Violent Unravell  Hex/Alch       0%         3d3       100%        5
 Death Channel            Necr           0%         N/A       100%        6
 Dispersal                Tloc           0%         N/A       100%        6
 Sculpt Simulacrum        Ice/Alch       0%         N/A       100%        6
 Enfeeble                 Hex            0%         N/A       100%        7
 Malign Gateway           Summ/Tloc      0%         N/A       100%        7
 Borgnjor's Revivificati  Necr           0%         N/A       100%        8
 Infestation              Necr           0%         N/A       100%        8
 Lehudib's Crystal Spear  Conj/Erth      0%         10d2      100%        8
 Maxwell's Capacitive Co  Air            0%         ∞         100%        8
 Dragon's Call            Summ           0%         N/A       100%        9


Dungeon Overview and Level Annotations

Branches:
Dungeon (15/15)            Temple (0/1) D:5            Lair (5/5) D:9
 Shoals (4/4) Lair:2       Spider (4/4) Lair:3        Slime (5/5) Lair:4
    Orc (2/2) D:12            Elf (3/3) Orc:2        Vaults (5/5) D:14
  Crypt (1/3) Vaults:3     Depths (4/4) D:15            Zot (5/5) Depths:4
 Bailey (visited)

Altars:
Ashenzari
Cheibriados
Dithmenos
Elyvilon
Makhleb
Ru
Xom
Zin
The Shining One
Jiyva

Shops:
D:6 :   D:8 =   D:12 !*   D:15 *   Orc:2 =*[!   Elf:1 =   Elf:3 :==
Shoals:2 (   Vaults:3 ?   Vaults:5 [   Zot:4 *

Portals:
Hell: Depths:1 Depths:2 Depths:3 Depths:4
Abyss: Depths:3
Pandemonium: Depths:1 Depths:2 Depths:4
Ziggurat: Depths:2
Trove: D:11 (give +3 shadow dragon scales)

Annotations:
D:3 1 runed translucent door, Hawk2023's ghost, amateur OpSh
Lair:5 3 runed translucent doors, ongoing's ghost, journeyman OnFi
Slime:5 Royal Jelly


Innate Abilities, Weirdness & Mutations

Your serpentine skin is tough. (AC +9)
You have supernaturally acute eyesight. (SInv)
Armour fits poorly on your strangely shaped body.
Your system is resistant to poisons. (rPois)
You cover ground very slowly.
You can spit poison.
You can use your snake-like lower body to constrict enemies.
You are partially covered in large bone plates. (SH +4)
You are clumsy. (Dex -2)
Your body sometimes deteriorates upon taking damage.
Your flesh is heat resistant. (rF+)
You are frail. (-10% HP)
You occasionally lose the ability to drink potions when taking damage.


Message History

There are monsters nearby!
Unknown command.
As you read the scroll of teleportation, it crumbles to dust.
You feel strangely unstable.
You feel the Orb delaying your translocation!
The orange demon screeches!
Vehoc gestures at you. The bolt of lightning hits you! You resist.
Vehoc attacks as it pursues you! You block Vehoc's attack. x2
Your surroundings suddenly seem different.
There is a stone staircase leading up here.
You climb upwards.
Level annotation: 1 runed translucent door, Hawk2023's ghost, amateur OpSh
There is a stone staircase leading down here.
There is a stone staircase leading up here.
You climb upwards.
There is a stone staircase leading down here.
A red devil comes into view. It is wielding a +0 trident.
There is a stone staircase leading up here.
You climb upwards.
There is a stone staircase leading down here.
You feel yourself speed up.
A neqoxec comes into view.
The neqoxec moves out of view.
Your extra speed is starting to run out.
You enter the shallow water.
You feel yourself slow down.
You feel yourself speed up.
A neqoxec is nearby!
The neqoxec gestures at you. Something gnaws on your mind!
You feel your power leaking away.
There is a large open door here.
The neqoxec gestures at you. Something gnaws on your mind!
You feel your power leaking away.
There is a fountain of clear blue water here.
There is a large open door here.
There is a staircase leading out of the dungeon here.
You have escaped!

.#...~~≈~~~~~~~~~~~~~~~~≈~~~.....
.#...~≈≈3~≈≈≈≈≈≈≈≈≈~~~≈≈≈≈~~.....
.....~≈~≈≈≈≈≈≈≈≈≈≈≈≈≈≈≈≈≈≈≈~.....
.....~≈≈#+#+#≈≈≈≈≈≈≈#+#+#≈≈~.....
.#...≈≈≈+(..##+###+##...+≈≈~.....
.#...~≈≈+(..#.......#...+≈≈~.....
.#...~≈≈#'###.#####.#'#+#≈≈~...).
.#...~≈≈≈≈'...#...#...#≈≈~~......
.#...≈≈≈≈≈#.###.@.'3⌠.'~≈~..⌠....
.#...≈≈≈≈≈#.###...'.⌠.'≈~~..⌠....
.#...~≈≈≈≈+...#...#...#≈≈≈~......
.#...~≈≈#+###.#####.###'#≈≈~...#.
.#...~≈≈+...'.......'...'≈≈~...##
.#...~≈≈+...##+###'##..>'≈≈~...##
.#...≈≈≈#+#+#≈≈≈≈≈≈≈#+#'#≈≈≈...##
.#...≈≈≈≈≈≈≈≈≈≈≈≈≈≈≈≈≈≈≈≈≈≈~...#.
..)..~≈≈≈≈≈≈≈≈≈≈≈≈≈≈≈≈≈≈≈≈≈~...#.


You could see a neqoxec.

Vanquished Creatures
  6 ancient liches (Zot:5)
  A dread lich (Depths:2)
  8 orbs of fire (Zot:5)
  3 juggernauts
  Xtahua (Vaults:4)
  Boris (Depths:2)
  Bai Suzhen (Vaults:4)
  8 Killer Klowns
  A curse toe (Zot:3)
  The ghost of DizzySkin the Executioner, a veteran MiBe of Trog (Vaults:1)
  14 golden dragons
  10 caustic shrikes
  A bone dragon (Depths:3)
  3 electric golems (Zot:5)
  Jorgrun (D:14)
  19 tentacled monstrosities
  A walking crystal tome (Depths:2)
  A lich (Depths:4)
  A hellephant (Depths:3)
  25 Orb Guardians (Zot:5)
  2 deep elf blademasters (Elf:3)
  Asterion (Elf:3)
  5 sphinxes
  2 walking earthen tomes
  3 quicksilver dragons
  2 deep elf master archers (Elf:3)
  2 titans
  4 krakens (Shoals:2)
  5 death cobs
  Kirke (D:13)
  Polyphemus (Shoals:4)
  Frances (D:14)
  The ghost of Adoajy the Bludgeoner, an adept DsWr of Ru (Vaults:1)
  The ghost of Gupuycal the Fencer, an adept FoCK of Xom (Shoals:2)
  8 tengu reavers
  15 shadow dragons
  Agnes (D:15)
  5 protean progenitors
  12 storm dragons
  Aizul (Shoals:2)
  4 deep elf sorcerers
  8 draconian knights
  3 frost giants
  7 draconian monks
  5 deep elf elementalists
  12 vault wardens
  3 draconian scorchers
  8 fire giants
  8 ghost moths
  7 emperor scorpions (Spider:4)
  2 spectral caustic shrikes (Depths:1)
  3 draconian stormcallers (Zot:4)
  An iron dragon (Depths:4)
  4 draconian shifters
  A ghoul (Crypt:1)
  An angel (Shoals:3)
  3 orc warlords
  A spriggan defender (Depths:2)
  13 very ugly things
  7 broodmothers
  17 ironbound preservers
  A vampire knight (Depths:2)
  2 draconian annihilators (Zot:3)
  14 stone giants
  15 deep elf demonologists
  Azrael (D:15)
  6 black draconians
  8 white draconians
  4 ironbound thunderhulks
  11 red draconians
  13 green draconians
  12 deep elf death magi
  A lorocyproca (Depths:1)
  5 spark wasps
  4 deep elf annihilators
  8 yellow draconians
  11 purple draconians
  3 war gargoyles
  2 crystal guardians
  14 merfolk impalers
  5 fire dragons
  3 jiangshi
  A green death (D:7)
  12 merfolk javelineers
  6 ettins
  3 entropy weavers
  3 deep elf high priests
  The ghost of Xudgha the Protected, a journeyman MiFi of Okawaru (Lair:2)
  14 yaktaur captains
  35 vault guards
  A hell beast (Depths:2)
  3 ice dragons
  2 peacekeepers
  5 ogre magi
  3 rakshasas
  11 centaur warriors
  17 hydras
  3 jorogumos
  2 catoblepae
  6 ironbound frosthearts
  4 spriggan air magi
  7 merfolk avatars
  An alligator snapping turtle (Shoals:1)
  7 boulder beetles
  4 radroaches
  8 merfolk aquamancers
  7 demonic crawlers
  21 two-headed ogres
  6 death yaks
  8 deep troll earth magi
  4 tengu warriors
  3 vampire magi
  An orc high priest (Orc:1)
  An occultist (Depths:3)
  8 deep troll shamans
  4 dancing weapons
  3 spriggan berserkers
  8 hell hogs
  6 deep elf knights
  2 sun demons (Depths:2)
  10 hell knights
  A skyshark (shapeshifter) (Depths:2)
  11 iron trolls
  5 skeletal warriors
  3 soul eaters
  5 skysharks
  2 sixfirhies (Depths:2)
  Lodul (D:11)
  3 flayed ghosts
  10 pharaoh ants
  15 sea snakes
  3 cherubim (Shoals:4)
  A sun moth (Spider:2)
  12 orb spiders
  3 arcanists
  68 deep trolls
  3 deep elf archers (Elf:3)
  3 lindwurms (Vaults:1)
  A shadow demon (Depths:4)
  A golden dragon skeleton (Depths:3)
  10 ironbound convokers
  3 phantasmal warriors
  12 harpies
  A spriggan simulacrum (Depths:3)
  15 deep elf zephyrmancers
  An obsidian statue (Zot:5)
  3 necromancers
  An orc sorcerer (Orc:1)
  4 steelbarb worms
  A faun (shapeshifter) (Depths:3)
  8 orc knights
  30 wolf spiders
  24 deep elf pyromancers
  3 oklob plants
  8 cyclopes
  2 salamanders (Depths:2)
  9 fauns
  23 ugly things
  A meliai (D:10)
  33 moths of wrath
  15 merfolk sirens
  6 elephants (Lair:4)
  2 iron dragon skeletons (Depths:3)
  28 manticores
  12 vault sentinels
  5 kobold blastminers
  9 black mambas
  3 orange demons (Orc:1)
  2 torpor snails
  10 water nymphs
  13 cane toads
  2 smoke demons
  2 gargoyles
  2 kobold demonologists
  3 unseen horrors
  A komodo dragon (shapeshifter) (Vaults:5)
  4 komodo dragons
  7 rime drakes
  2 efreet
  2 freezing wraiths
  17 yaktaurs
  3 tengu conjurers
  4 trolls
  5 polar bears
  A wind drake (Shoals:4)
  25 tarantellas
  49 merfolk
  11 blink frogs
  8 snapping turtles
  11 hornets
  22 dream sheep
  17 spriggans
  35 jumping spiders
  26 culicivoras
  3 shadows (D:12)
  5 wraiths
  2 air elementals (Elf:1)
  19 water elementals
  9 wyverns
  3 hogs (D:13)
  69 yaks
  4 basilisks
  9 fire elementals
  12 vampire mosquitoes (D:14)
  A wyvern (shapeshifter) (D:15)
  58 redbacks
  5 wargs
  3 steam dragons
  2 hell hounds (D:15)
  An acid dragon (D:12)
  11 water moccasins
  An ice beast (D:7)
  3 sky beasts
  2 black bears
  27 orc warriors
  34 ogres
  15 wolves
  3 boggarts (Lair:5)
  2 laughing skulls (D:13)
  10 centaurs
  A phantom (D:6)
  5 kobold brigands
  10 bullfrogs
  6 scorpions
  2 necrophages (Crypt:1)
  2 gnoll sergeants
  3 earth elementals
  16 killer bees
  2 troll zombies (D:12)
  An oklob sapling (D:13)
  8 howler monkeys
  2 electric eels
  7 crimson imps (D:7)
  2 hounds
  3 gnoll boudas
  17 orc priests
  3 iguanas
  A sleepcap (D:4)
  Terence (D:2)
  12 orc wizards
  7 hell rats (Lair:1)
  4 ogre zombies (D:12)
  13 gnolls
  5 adders
  A shadow imp (D:7)
  2 white imps
  2 ufetubi (D:6)
  4 dart slugs (D:5)
  4 ribbon worms
  59 orcs
  5 ball pythons
  4 endoplasms (D:1)
  4 giant cockroaches
  6 goblins
  4 hobgoblins
  A quokka (D:5)
  5 bats
  A frilled lizard (D:3)
  4 gnoll skeletons (D:12)
  2 gnoll zombies (D:12)
  7 kobolds
  4 orc skeletons (D:12)
  9 orc zombies (D:12)
  4 rats (D:1)
  3 aspiring fleshes
  A butterfly (D:5)
  A tentacle (Shoals:2)
1982 creatures vanquished.

Vanquished Creatures (collateral kills)
  A vault warden (Vaults:1)
  2 ironbound preservers (Vaults:1)
  3 dire elephants (Vaults:1)
  A deep elf annihilator (Elf:3)
  A white draconian (Zot:3)
  An ettin (Vaults:1)
  2 ironbound frosthearts
  A centaur warrior (Vaults:1)
  4 deep trolls (Vaults:1)
  2 ironbound convokers (Vaults:1)
  A deep elf zephyrmancer (Elf:3)
  A cyclops (D:10)
  A gnoll (D:11)
21 creatures vanquished.

Vanquished Creatures (others)
  Mennas (Depths:4)
  An azure jelly (Vaults:5)
  A draconian knight (Zot:3)
  A stone giant (Depths:2)
  A vampire knight (Depths:4)
  A yaktaur captain (Vaults:4)
  4 great orbs of eyes
  2 two-headed ogres (shapeshifter)
  A two-headed ogre (D:10)
  A shock serpent (shapeshifter) (Vaults:5)
  A glowing orange brain (Vaults:3)
  An arcanist (Vaults:1)
  3 lindwurms (Vaults:3)
  A deep elf zephyrmancer (Elf:3)
  An orc knight (Vaults:3)
  A deep elf pyromancer (D:15)
  A steelbarb worm (shapeshifter) (Vaults:1)
  2 ironbound convokers
  An ugly thing (Vaults:1)
  An orange demon (D:4)
  A merfolk siren (Shoals:4)
  2 vault sentinels
  An eye of devastation (shapeshifter) (Vaults:5)
  37 slime creatures
  A komodo dragon (shapeshifter) (Vaults:5)
  An unseen horror (D:13)
  9 yaktaurs
  A hornet (D:10)
  A merfolk (Shoals:2)
  A troll (shapeshifter) (D:15)
  A blink frog (Lair:1)
  A dream sheep (Lair:4)
  A glass eye (Depths:2)
  A snapping turtle (shapeshifter) (Depths:3)
  A centaur simulacrum (D:15)
  A spriggan (Lair:5)
  A yak (D:10)
  A water elemental (Elf:3)
  A vampire mosquito (D:15)
  A water moccasin (Lair:5)
  3 orc warriors
  2 black bears
  A boggart (Lair:5)
  4 wolves (Lair:5)
  2 ogres
  A phantom (D:5)
  3 centaurs
  2 kobold brigands
  2 howler monkeys (D:10)
  2 bombardier beetles
  2 hounds
  412 jellies
  An orc priest (Orc:2)
  A gnoll bouda (D:8)
  Jessica (D:2)
  2 orc wizards (Orc:2)
  6 gnolls
  4 adders
  2 white imps (D:6)
  6 dart slugs
  17 orcs
  3 ball pythons
  An endoplasm (D:4)
  7 goblins
  A hobgoblin (shapeshifter) (D:8)
  A hobgoblin (D:2)
  13 kobolds
  2 bats (D:7)
  A butterfly (D:5)
  18 tentacles (Shoals:2)
615 creatures vanquished.

Grand Total: 2618 creatures vanquished

Notes
Turn   | Place    | Note
-------+----------+-------------------------------------------
     0 | D:1      | HourglassMan the Naga Brigand began the quest for the Orb.
     0 | D:1      | Reached XP level 1. HP: 19/19 MP: 1/1
    76 | D:1      | Reached XP level 2. HP: 15/27 MP: 2/2
   594 | D:1      | Found a faded altar of an unknown god.
   604 | D:1      | Got Plato's Parchment of Command
   959 | D:1      | Prayed at the altar of an unknown god.
   959 | D:1      | Became a worshipper of Jiyva Jesunen the Shapeless
   959 | D:1      | Reached * piety under Jiyva
   979 | D:2      | Reached XP level 3. HP: 33/33 MP: 3/3
   995 | D:2      | Noticed Terence
  1012 | D:2      | Killed Terence
  1013 | D:2      | Reached skill level 3 in Fighting
  1013 | D:2      | Reached XP level 4. HP: 36/42 MP: 4/4
  1019 | D:2      | Found a shadowy altar of Dithmenos.
  1188 | D:2      | Killed Jessica
  1270 | D:2      | Reached ** piety under Jiyva
  2196 | D:3      | Found a runed translucent door.
  2196 | D:3      | Noticed Hawk2023's ghost (amateur OpSh)
  2196 | D:3      | Noticed a scorpion
  2240 | D:3      | Reached skill level 4 in Fighting
  2534 | D:4      | Reached *** piety under Jiyva
  2559 | D:4      | Reached XP level 5. HP: 49/51 MP: 5/5
  2619 | D:4      | Gained mutation: You expend magic power (3 MP) to
                  | strengthen your wands. [Jiyva's grace]
  2619 | D:4      | Gained mutation: Your melee attacks may engulf your foes in
                  | ooze. [Jiyva's grace]
  2619 | D:4      | Gained mutation: You have acidic saliva. [Jiyva's grace]
  2619 | D:4      | Gained mutation: You have a small jelly attached to you
                  | that senses nearby items. [Jiyva's grace]
  2672 | D:4      | Reached skill level 5 in Fighting
  3130 | D:4      | Reached skill level 1 in Unarmed Combat
  3204 | D:4      | Reached **** piety under Jiyva
  3265 | D:5      | Entered Level 5 of the Dungeon
  3265 | D:5      | Noticed a sky beast
  3266 | D:5      | Identified the +0 whip "Cilod" {freeze, rElec}
  3274 | D:5      | Killed a sky beast
  3275 | D:5      | Reached skill level 1 in Maces & Flails
  3275 | D:5      | Reached XP level 6. HP: 62/62 MP: 6/6
  3433 | D:5      | Reached skill level 6 in Fighting
  3453 | D:5      | Found a staircase to the Ecumenical Temple.
  3461 | D:5      | Reached XP level 7. HP: 69/69 MP: 7/7
  3621 | D:5      | Noticed a two-headed ogre
  3638 | D:5      | Killed a two-headed ogre
  3639 | D:5      | Reached skill level 7 in Fighting
  3639 | D:5      | Reached skill level 5 in Maces & Flails
  3639 | D:5      | Reached XP level 8. HP: 17/81 MP: 8/8
  4016 | D:6      | Found Ucwit's Book Shoppe.
  4060 | D:6      | Reached skill level 8 in Fighting
  4389 | D:6      | Lost mutation: You have acidic saliva. [Jiyva's grace]
  4389 | D:6      | Gained mutation: You are agile. (Dex +4, Str/Int -1)
                  | [Jiyva's grace]
  4389 | D:6      | Gained mutation: You are very agile. (Dex +8, Str/Int -2)
                  | [Jiyva's grace]
  4389 | D:6      | Gained mutation: Armour fits poorly on your pseudopods.
                  | [Jiyva's grace]
  4389 | D:6      | Gained mutation: Armour fits poorly on your large
                  | pseudopods. [Jiyva's grace]
  4434 | D:6      | Found a glowing drain.
  4867 | D:7      | Reached XP level 9. HP: 86/90 MP: 9/9
  5000 | D:7      | Reached skill level 9 in Fighting
  5513 | D:8      | Reached ***** piety under Jiyva
  5610 | D:8      | Reached skill level 10 in Fighting
  6078 | D:8      | Found a shimmering altar of Xom.
  6078 | D:8      | Found a shimmering altar of Xom.
  6080 | D:8      | Found a shimmering altar of Xom.
  6080 | D:8      | Found a shimmering altar of Xom.
  6091 | D:8      | Found a shimmering altar of Xom.
  6160 | D:8      | Found Zicyit's Jewellery Shoppe.
  6244 | D:8      | Found a shadowy altar of Dithmenos.
  6252 | D:8      | Identified the +2 leather armour "Vyenan" {-Cast ^Contam
                  | Regen+ Dex+9}
  6656 | D:9      | Found a flagged portal.
  6679 | Bailey   | Entered a bailey
  6711 | Bailey   | Noticed an orc knight
  6722 | Bailey   | Slimified an orc knight
  6722 | Bailey   | an orc knight changed into an azure jelly
  6722 | Bailey   | Noticed an azure jelly
  6740 | Bailey   | Reached skill level 1 in Dodging
  6762 | Bailey   | Found a large runed translucent door.
  6762 | Bailey   | Found a large runed translucent door.
  6762 | Bailey   | Noticed a deep elf pyromancer
  6779 | Bailey   | Reached XP level 10. HP: 82/102 MP: 10/10
  6844 | Bailey   | Lost mutation: You are very agile. (Dex +8, Str/Int -2)
                  | [Jiyva's grace]
  6844 | Bailey   | Lost mutation: Armour fits poorly on your large pseudopods.
                  | [Jiyva's grace]
  6844 | Bailey   | Gained mutation: You are robust. (+10% HP) [Jiyva's grace]
  6844 | Bailey   | Gained mutation: You are very robust. (+20% HP) [Jiyva's
                  | grace]
  6844 | Bailey   | Gained mutation: You are extremely robust. (+30% HP)
                  | [Jiyva's grace]
  6844 | Bailey   | Gained mutation: Your mind is acute. (Int +4, Str/Dex -1)
                  | [Jiyva's grace]
  6971 | Bailey   | Identified a scroll of acquirement
  6973 | Bailey   | Acquired a +0 eveningstar of freezing
  7014 | Bailey   | Killed a deep elf pyromancer
  7020 | Bailey   | Identified the +2 fire dragon scales "Rutut" {rF++ rC- rN+
                  | Str+2}
  7113 | D:9      | Found a staircase to the Lair.
  7409 | D:9      | Reached skill level 10 in Maces & Flails
  7462 | D:9      | Noticed a two-headed ogre
  7468 | D:9      | Killed a two-headed ogre
  7469 | D:9      | Reached skill level 11 in Fighting
  7499 | D:9      | Noticed a two-headed ogre
  7505 | D:9      | Killed a two-headed ogre
  7506 | D:9      | Reached skill level 5 in Dodging
  7506 | D:9      | Reached XP level 11. HP: 134/144 MP: 11/11
  7755 | D:10     | Entered Level 10 of the Dungeon
  7763 | D:10     | Found a sacrificial altar of Ru.
  7763 | D:10     | Found a burning altar of Makhleb.
  7765 | D:10     | Found a glowing silver altar of Zin.
  7765 | D:10     | Found a snail-covered altar of Cheibriados.
  8183 | D:10     | Noticed a two-headed ogre
  8190 | D:10     | Killed a two-headed ogre
  8266 | D:10     | Killed a two-headed ogre
  8299 | D:10     | Noticed a purple ugly thing
  8299 | D:10     | Identified the +5 robe "Ziyrhude" {rElec rN+ Stlth-}
  8311 | D:10     | Killed a purple ugly thing
  8323 | D:10     | Noticed a cyclops
  8357 | D:10     | Killed a cyclops
  8462 | D:10     | Noticed a centaur warrior
  8472 | D:10     | Killed a centaur warrior
  8488 | D:10     | Noticed a seven-headed hydra
  8494 | D:10     | Killed a seven-headed hydra
  8494 | D:10     | Noticed a manticore
  8501 | D:10     | Killed a manticore
  8640 | D:10     | Reached XP level 12. HP: 153/158 MP: 12/12
  8681 | D:10     | Identified the staff "Death Rattle" {rPois rF+ Fire}
  8681 | D:10     | Noticed an ogre mage
  8686 | D:10     | Killed an ogre mage
  8703 | D:10     | Reached skill level 12 in Fighting
  9002 | D:10     | Lost mutation: Your melee attacks may engulf your foes in
                  | ooze. [Jiyva's grace]
  9002 | D:10     | Gained mutation: You have a pair of small antennae on your
                  | head. [Jiyva's grace]
  9002 | D:10     | Gained mutation: You have a pair of antennae on your head.
                  | [Jiyva's grace]
  9002 | D:10     | Gained mutation: You have a pair of large antennae on your
                  | head. (SInv) [Jiyva's grace]
  9002 | D:10     | Gained mutation: Your tail ends in a venomous barb.
                  | [Jiyva's grace]
  9560 | D:11     | Found a portal to a secret trove of treasure.
  9653 | D:11     | Noticed a boulder beetle
  9664 | D:11     | Killed a boulder beetle
  9781 | D:11     | Noticed Lodul
  9797 | D:11     | Killed Lodul
 10080 | D:12     | Lost mutation: You expend magic power (3 MP) to strengthen
                  | your wands. [potion of mutation]
 10080 | D:12     | Lost mutation: Your mind is acute. (Int +4, Str/Dex -1)
                  | [potion of mutation]
 10080 | D:12     | Lost mutation: You have a pair of large antennae on your
                  | head. (SInv) [potion of mutation]
 10080 | D:12     | Gained mutation: You are weak. (Str -2) [potion of
                  | mutation]
 10147 | D:12     | Found Rohaog's General Store.
 10150 | D:12     | Bought a scroll of enchant armour for 97 gold pieces
 10275 | D:8      | Bought an amulet of reflection for 330 gold pieces
 10300 | Lair:1   | Entered Level 1 of the Lair of Beasts
 10342 | Lair:1   | Noticed a catoblepas
 10576 | Lair:1   | Killed a catoblepas
 10943 | Lair:1   | Noticed a death yak
 10955 | Lair:1   | Killed a death yak
 11064 | Lair:1   | Gained mutation: You can use your snake-like lower body to
                  | constrict enemies. [Naga growth]
 11064 | Lair:1   | Reached XP level 13. HP: 169/169 MP: 13/13
 11258 | Lair:1   | Lost mutation: Your tail ends in a venomous barb. [Jiyva's
                  | grace]
 11258 | Lair:1   | Lost mutation: You are extremely robust. (+30% HP) [Jiyva's
                  | grace]
 11258 | Lair:1   | Lost mutation: You are weak. (Str -2) [Jiyva's grace]
 11258 | Lair:1   | Gained mutation: You have a small jelly attached to you
                  | that may absorb projectiles. [Jiyva's grace]
 11258 | Lair:1   | Gained mutation: You are partially covered in iridescent
                  | scales. (AC +2) [Jiyva's grace]
 11258 | Lair:1   | Gained mutation: You are mostly covered in iridescent
                  | scales. (AC +4) [Jiyva's grace]
 11258 | Lair:1   | Gained mutation: You are completely covered in iridescent
                  | scales. (AC +6) [Jiyva's grace]
 11437 | Lair:2   | Reached ****** piety under Jiyva
 11491 | Lair:2   | Identified the amulet "Boxiesh" {Reflect rPois SH+5}
 11500 | Lair:2   | Found a runed translucent gate.
 11500 | Lair:2   | Found a runed translucent gate.
 11500 | Lair:2   | Found a runed translucent gate.
 11504 | Lair:2   | Noticed Xudgha's ghost (journeyman MiFi)
 11740 | Lair:2   | Reached skill level 1 in Evocations
 11783 | Lair:2   | Found a staircase to the Shoals.
 12089 | Lair:2   | Reached skill level 1 in Armour
 12101 | Lair:2   | Killed Xudgha's ghost
 12102 | Lair:2   | Reached skill level 13 in Fighting
 12128 | Lair:2   | Identified the +12 rapier of Tumult {freeze, *Slow Will+
                  | Str+6 Dex+2}
 12256 | Lair:3   | Reached skill level 10 in Dodging
 12473 | Lair:3   | Found a hole to the Spider Nest.
 13182 | Lair:4   | Reached XP level 14. HP: 169/169 MP: 14/14
 13394 | Lair:4   | Reached skill level 15 in Maces & Flails
 13477 | Lair:4   | Lost mutation: You are completely covered in iridescent
                  | scales. (AC +6) [Jiyva's grace]
 13477 | Lair:4   | Gained mutation: You have acidic saliva. [Jiyva's grace]
 13477 | Lair:4   | Gained mutation: You are extremely robust. (+30% HP)
                  | [Jiyva's grace]
 13477 | Lair:4   | Gained mutation: You have sharp fingernails. [Jiyva's
                  | grace]
 13477 | Lair:4   | Gained mutation: You have very sharp fingernails. [Jiyva's
                  | grace]
 13507 | Lair:4   | Found a staircase to the Slime Pits.
 14172 | Slime:1  | Entered Level 1 of the Pits of Slime
 14181 | Slime:1  | Noticed a quicksilver ooze
 14183 | Slime:1  | Noticed an azure jelly
 14374 | Slime:2  | Noticed a formless jellyfish
 14378 | Slime:2  | Noticed a formless jellyfish
 14427 | Slime:2  | Noticed an acid blob
 14570 | Slime:2  | Noticed a formless jellyfish
 14680 | Slime:3  | Noticed an acid blob
 14683 | Slime:3  | Noticed an acid blob
 14684 | Slime:3  | Noticed a quicksilver ooze
 14707 | Slime:3  | Noticed a formless jellyfish
 14713 | Slime:3  | Noticed a formless jellyfish
 14713 | Slime:3  | Noticed a formless jellyfish
 14865 | Slime:4  | Noticed an azure jelly
 14875 | Slime:4  | Noticed an acid blob
 14888 | Slime:4  | Noticed an acid blob
 14890 | Slime:4  | Noticed an acid blob
 15007 | Slime:5  | Entered Level 5 of the Pits of Slime
 15020 | Slime:5  | Noticed the Royal Jelly
 15053 | Slime:5  | Got the Monograph on Deathly Fog
 15059 | Slime:5  | Found a viscous altar of Jiyva.
 15061 | Slime:5  | Identified the +4 scale mail of Qaepaw {rC+ Regen+ Stlth+}
 15067 | Slime:5  | Identified the +5 bardiche of the Insatiable Princes
                  | {flame, rElec rPois MP-9 Stlth+}
 15067 | Slime:5  | Noticed a quicksilver ooze
 15068 | Slime:5  | Noticed a rockslime
 15069 | Slime:5  | Got a slimy rune of Zot
 15078 | Slime:5  | Noticed a quicksilver ooze
 15081 | Slime:5  | Noticed a rockslime
 15087 | Slime:5  | Identified the +4 trident of Devotion {drain, Will++}
 15099 | Slime:5  | Noticed an acid blob
 15109 | Slime:5  | Identified the +5 short sword "Utsyty" {speed, *Rage Int+4
                  | Stlth+}
 15113 | Slime:5  | Found the +8 longbow "Zephyr" {speed, Dex+3 SInv}
 15117 | Slime:5  | Identified the ring of Yesterday {rF+ rCorr EV+5}
 15129 | Slime:5  | Got Akietoz's Grimoire of the Coruscating Syncline
 15132 | Slime:5  | Noticed a formless jellyfish
 15134 | Slime:5  | Noticed a formless jellyfish
 15150 | Slime:5  | Identified the +12 short sword of a Hundred Nightmares
                  | {holy, rC+}
 15156 | Slime:5  | Noticed an azure jelly
 15162 | Slime:5  | Noticed a formless jellyfish
 15165 | Slime:5  | Noticed an azure jelly
 15209 | Slime:5  | Noticed an acid blob
 15260 | Slime:5  | Noticed an acid blob
 15311 | Slime:5  | Noticed a rockslime
 15415 | Slime:5  | Noticed an acid blob
 15490 | Slime:5  | Noticed an acid blob
 15780 | Slime:3  | Noticed a rockslime
 15780 | Slime:3  | Noticed an acid blob
 15780 | Slime:3  | Noticed an azure jelly
 15996 | Lair:5   | Entered Level 5 of the Lair of Beasts
 16386 | Lair:5   | Identified the +0 leather armour of Oguazix {+Blink Will-
                  | SInv}
 16441 | Lair:5   | Reached skill level 14 in Fighting
 16614 | Lair:5   | Reached skill level 5 in Armour
 16647 | Lair:5   | Reached skill level 1 in Shields
 16771 | Lair:5   | Found a runed translucent gate.
 16772 | Lair:5   | Found a runed translucent gate.
 16772 | Lair:5   | Noticed ongoing's ghost (journeyman OnFi)
 16773 | Lair:5   | Found a runed translucent gate.
 17279 | Lair:5   | Lost mutation: You have a pair of antennae on your head.
                  | [Jiyva's grace]
 17279 | Lair:5   | Lost mutation: You have very sharp fingernails. [Jiyva's
                  | grace]
 17279 | Lair:5   | Lost mutation: You are extremely robust. (+30% HP) [Jiyva's
                  | grace]
 17279 | Lair:5   | Gained mutation: You have very sharp teeth. [Jiyva's grace]
 17279 | Lair:5   | Gained mutation: You have extremely sharp teeth. [Jiyva's
                  | grace]
 17279 | Lair:5   | Gained mutation: You have razor-sharp teeth. [Jiyva's
                  | grace]
 17279 | Lair:5   | Gained mutation: You are covered in slimy tendrils that may
                  | disarm your opponents. [Jiyva's grace]
 17639 | D:12     | Found Xilor's Assorted Antiques.
 18063 | D:12     | Found a staircase to the Orcish Mines.
 18128 | D:12     | Found Plog's Distillery.
 18135 | D:12     | Bought a potion of might for 56 gold pieces
 18135 | D:12     | Bought a potion of berserk rage for 70 gold pieces
 18271 | Orc:1    | Entered Level 1 of the Orcish Mines
 18301 | D:12     | Reached XP level 15. HP: 175/182 MP: 15/15
 18331 | Orc:1    | Noticed an orc warlord
 18355 | D:12     | Killed an orc warlord
 18628 | Orc:1    | Reached skill level 1 in Shapeshifting
 19208 | Orc:2    | Entered Level 2 of the Orcish Mines
 19246 | Orc:2    | Found a staircase to the Elven Halls.
 19274 | Orc:1    | Reached skill level 15 in Fighting
 19317 | Orc:1    | Reached skill level 5 in Evocations
 19376 | Orc:2    | Found Mavofimn's Assorted Antiques.
 19376 | Orc:2    | Found Isedatt's Distillery.
 19396 | Orc:2    | Found Kaanaliz's Jewellery Boutique.
 19396 | Orc:2    | Found Navoxkup's Antique Armour Emporium.
 19457 | Orc:2    | Bought the ring of the Open Hand {EV+5 Str+2} for 660 gold
                  | pieces
 19459 | Orc:2    | Bought a potion of invisibility for 96 gold pieces
 20054 | Elf:1    | Entered Level 1 of the Elven Halls
 20054 | Elf:1    | Found Romaigoe's Jewellery Emporium.
 20055 | Elf:1    | Paralysed by an air elemental for 1 turns
 20086 | Elf:1    | Lost mutation: You have razor-sharp teeth. [Jiyva's grace]
 20086 | Elf:1    | Lost mutation: You are mostly covered in iridescent scales.
                  | (AC +4) [Jiyva's grace]
 20086 | Elf:1    | Lost mutation: You are very robust. (+20% HP) [Jiyva's
                  | grace]
 20086 | Elf:1    | Gained mutation: You have an increased reservoir of magic.
                  | (+10% MP) [Jiyva's grace]
 20086 | Elf:1    | Gained mutation: You have a considerably increased
                  | reservoir of magic. (+20% MP) [Jiyva's grace]
 20086 | Elf:1    | Gained mutation: You have a greatly increased reservoir of
                  | magic. (+30% MP) [Jiyva's grace]
 20086 | Elf:1    | Gained mutation: Your rubbery body absorbs attacks. (AC +1,
                  | EV +1) [Jiyva's grace]
 20128 | Elf:1    | Paralysed by an air elemental for 1 turns
 20170 | Elf:1    | Noticed a deep elf elementalist
 20175 | Elf:1    | Killed a deep elf elementalist
 20498 | D:14     | Reached XP level 16. HP: 180/180 MP: 20/20
 20718 | D:13     | Noticed Kirke
 20727 | D:13     | Killed Kirke
 20968 | D:13     | Reached skill level 16 in Fighting
 21569 | D:14     | Found a gate to the Vaults.
 21836 | D:14     | Lost mutation: You have a pair of small antennae on your
                  | head. [Jiyva's grace]
 21836 | D:14     | Lost mutation: You are robust. (+10% HP) [Jiyva's grace]
 21836 | D:14     | Lost mutation: You are covered in slimy tendrils that may
                  | disarm your opponents. [Jiyva's grace]
 21836 | D:14     | Gained mutation: You have a pair of small horns on your
                  | head. [Jiyva's grace]
 21836 | D:14     | Gained mutation: You have a pair of horns on your head.
                  | [Jiyva's grace]
 21836 | D:14     | Gained mutation: You have a pair of large horns on your
                  | head. [Jiyva's grace]
 21836 | D:14     | Gained mutation: Your muscles are strong. (Str +4, Int/Dex
                  | -1) [Jiyva's grace]
 21933 | D:14     | Noticed Frances
 22193 | D:14     | Killed Frances
 22631 | D:15     | Entered Level 15 of the Dungeon
 22680 | D:15     | Reached skill level 5 in Shapeshifting
 22681 | D:15     | Noticed Jorgrun
 22692 | D:14     | Killed Jorgrun
 22769 | D:15     | Noticed Azrael
 22781 | D:15     | Killed Azrael
 22949 | D:15     | Found a glowing golden altar of the Shining One.
 22977 | D:15     | Found Paz Ateti's Neck Hole.
 23069 | D:15     | Noticed Agnes
 23182 | D:15     | Killed Agnes
 23255 | D:15     | Found a staircase to the Depths.
 23366 | Depths:1 | Entered Level 1 of the Depths
 23675 | Depths:1 | Reached skill level 17 in Fighting
 23736 | Depths:1 | Reached skill level 5 in Shields
 23769 | Depths:1 | Reached XP level 17. HP: 156/176 MP: 22/22
 23838 | Depths:1 | Found a gateway to Hell.
 23870 | Depths:1 | Reached skill level 10 in Armour
 23940 | Depths:1 | Lost mutation: You have a pair of large horns on your head.
                  | [Jiyva's grace]
 23940 | Depths:1 | Lost mutation: You have a greatly increased reservoir of
                  | magic. (+30% MP) [Jiyva's grace]
 23940 | Depths:1 | Lost mutation: You have a considerably increased reservoir
                  | of magic. (+20% MP) [Jiyva's grace]
 23940 | Depths:1 | Lost mutation: Armour fits poorly on your pseudopods.
                  | [Jiyva's grace]
 23940 | Depths:1 | Lost mutation: You have a small jelly attached to you that
                  | may absorb projectiles. [Jiyva's grace]
 23940 | Depths:1 | Gained mutation: Your muscles are very strong. (Str +8,
                  | Int/Dex -2) [Jiyva's grace]
 23940 | Depths:1 | Gained mutation: You are robust. (+10% HP) [Jiyva's grace]
 23940 | Depths:1 | Gained mutation: You are very robust. (+20% HP) [Jiyva's
                  | grace]
 23940 | Depths:1 | Gained mutation: You are extremely robust. (+30% HP)
                  | [Jiyva's grace]
 24124 | Depths:1 | Found a one-way gate leading to the halls of Pandemonium.
 24264 | Depths:1 | Found a sacrificial altar of Ru.
 24602 | Spider:1 | Entered Level 1 of the Spider Nest
 26486 | Spider:4 | Entered Level 4 of the Spider Nest
 26584 | Spider:3 | Lost mutation: You have extremely sharp teeth. [Jiyva's
                  | grace]
 26584 | Spider:3 | Lost mutation: You are partially covered in iridescent
                  | scales. (AC +2) [Jiyva's grace]
 26584 | Spider:3 | Lost mutation: You have acidic saliva. [Jiyva's grace]
 26584 | Spider:3 | Gained mutation: Your mind is acute. (Int +4, Str/Dex -1)
                  | [Jiyva's grace]
 26584 | Spider:3 | Gained mutation: Your mind is very acute. (Int +8, Str/Dex
                  | -2) [Jiyva's grace]
 26584 | Spider:3 | Gained mutation: Armour fits poorly on your pseudopods.
                  | [Jiyva's grace]
 26584 | Spider:3 | Gained mutation: Armour fits poorly on your large
                  | pseudopods. [Jiyva's grace]
 26601 | Spider:3 | Reached skill level 18 in Fighting
 26617 | Spider:3 | Reached XP level 18. HP: 207/244 MP: 19/19
 27250 | Spider:4 | Identified the +9 flail of Untruth {venom, rElec rN+}
 27573 | Spider:4 | Got a gossamer rune of Zot
 28097 | Shoals:1 | Entered Level 1 of the Shoals
 28941 | Shoals:3 | Reached XP level 19. HP: 253/257 MP: 20/20
 28945 | Shoals:3 | Lost mutation: Your mind is very acute. (Int +8, Str/Dex
                  | -2) [Jiyva's grace]
 28945 | Shoals:3 | Lost mutation: Your mind is acute. (Int +4, Str/Dex -1)
                  | [Jiyva's grace]
 28945 | Shoals:3 | Lost mutation: Armour fits poorly on your large pseudopods.
                  | [Jiyva's grace]
 28945 | Shoals:3 | Lost mutation: You have a small jelly attached to you that
                  | senses nearby items. [Jiyva's grace]
 28945 | Shoals:3 | Gained mutation: You expend magic power (3 MP) to
                  | strengthen your wands. [Jiyva's grace]
 28945 | Shoals:3 | Gained mutation: You have a small jelly attached to you
                  | that may absorb projectiles. [Jiyva's grace]
 28945 | Shoals:3 | Gained mutation: You have a pair of large horns on your
                  | head. [Jiyva's grace]
 28945 | Shoals:3 | Gained mutation: You are partially covered in iridescent
                  | scales. (AC +2) [Jiyva's grace]
 29075 | Shoals:2 | Found Jyemoaj's Antique Weapon Shoppe.
 29150 | Shoals:2 | Reached skill level 19 in Fighting
 29470 | Shoals:2 | Found a runed translucent gate.
 29470 | Shoals:2 | Found a runed translucent gate.
 29470 | Shoals:2 | Found a runed translucent gate.
 29475 | Shoals:2 | Noticed Gupuycal's ghost (adept FoCK)
 29880 | Shoals:2 | Identified the serpent talisman of an ossuary {Will- Int+3
                  | Stlth+}
 29880 | Shoals:2 | Noticed Aizul
 29889 | Shoals:2 | Killed Aizul
 29890 | Shoals:2 | Reached skill level 10 in Shields
 30551 | Shoals:4 | Entered Level 4 of the Shoals
 30931 | Shoals:3 | Identified the +1 robe "Puxiam" {Will+ Slay+3 Stlth-}
 31654 | Shoals:4 | Found a white marble altar of Elyvilon.
 31654 | Shoals:4 | Lost mutation: You have sharp fingernails. [Jiyva's grace]
 31654 | Shoals:4 | Lost mutation: You are partially covered in iridescent
                  | scales. (AC +2) [Jiyva's grace]
 31654 | Shoals:4 | Lost mutation: You have an increased reservoir of magic.
                  | (+10% MP) [Jiyva's grace]
 31654 | Shoals:4 | Lost mutation: You are extremely robust. (+30% HP) [Jiyva's
                  | grace]
 31654 | Shoals:4 | Lost mutation: Armour fits poorly on your pseudopods.
                  | [Jiyva's grace]
 31654 | Shoals:4 | Lost mutation: You have a small jelly attached to you that
                  | may absorb projectiles. [Jiyva's grace]
 31654 | Shoals:4 | Lost mutation: You expend magic power (3 MP) to strengthen
                  | your wands. [Jiyva's grace]
 31654 | Shoals:4 | Gained mutation: You possess an exceptional clarity of
                  | mind. [Jiyva's grace]
 31654 | Shoals:4 | Gained mutation: You have a small jelly attached to you
                  | that may absorb projectiles. [Jiyva's grace]
 31654 | Shoals:4 | Gained mutation: Your mind is acute. (Int +4, Str/Dex -1)
                  | [Jiyva's grace]
 31654 | Shoals:4 | Gained mutation: Your mind is very acute. (Int +8, Str/Dex
                  | -2) [Jiyva's grace]
 31889 | Shoals:4 | Got Tionoqao's Annotations on Translocated Austromancy
 31903 | Shoals:4 | Got a barnacled rune of Zot
 32034 | Shoals:4 | Noticed Polyphemus
 32045 | Shoals:4 | Killed Polyphemus
 32063 | Shoals:4 | Found a glowing golden altar of the Shining One.
 32080 | Shoals:4 | Reached XP level 20. HP: 253/253 MP: 20/20
 32122 | Shoals:4 | Got the Opusculum on Arcane Weapons and Transportation
 32236 | Shoals:4 | Found a glowing silver altar of Zin.
 32958 | Depths:2 | Reached skill level 20 in Fighting
 33080 | Depths:2 | Identified the dragon-blood talisman of Ceusaill {*Slow
                  | rCorr MP-9 Slay+4}
 33312 | Depths:2 | Noticed Boris
 33327 | Depths:2 | Killed Boris
 33503 | Depths:2 | Identified the +3 leather armour of Minor Irritation
                  | {Dex+3}
 33592 | Depths:2 | Found a one-way gateway to a ziggurat.
 34404 | Depths:3 | Noticed a golden dragon
 34431 | Depths:3 | Killed a golden dragon
 34647 | Depths:2 | Reached skill level 10 in Shapeshifting
 35076 | Depths:3 | Noticed a hellephant
 35102 | Depths:3 | Noticed a caustic shrike
 35126 | Depths:2 | Reached XP level 21. HP: 127/264 MP: 21/21
 35202 | Depths:2 | Killed a caustic shrike
 35230 | Depths:3 | Noticed a golden dragon
 35296 | Depths:2 | Killed a golden dragon
 35469 | Depths:3 | Noticed a caustic shrike
 35472 | Depths:3 | Noticed a caustic shrike
 35478 | Depths:3 | Killed a caustic shrike
 35486 | Depths:3 | Killed a caustic shrike
 35774 | Depths:3 | Noticed a juggernaut
 35784 | Depths:3 | Killed a juggernaut
 35789 | Depths:3 | Reached skill level 21 in Fighting
 35895 | Vaults:1 | Entered Level 1 of the Vaults
 36092 | Vaults:1 | Reached skill level 15 in Armour
 36209 | Vaults:1 | Gained mutation: Your tail ends in a venomous barb.
                  | [Jiyva's grace]
 36209 | Vaults:1 | Gained mutation: Your tail ends in a sharp venomous barb.
                  | [Jiyva's grace]
 36209 | Vaults:1 | Gained mutation: Your tail ends in a wickedly sharp and
                  | venomous barb. [Jiyva's grace]
 36209 | Vaults:1 | Gained mutation: You are partially covered in large bone
                  | plates. (SH +4) [Jiyva's grace]
 36285 | Vaults:1 | Found a large runed translucent door.
 36286 | Vaults:1 | Found a large runed translucent door.
 36286 | Vaults:1 | Noticed DizzySkin's ghost (veteran MiBe)
 36286 | Vaults:1 | Noticed Adoajy's ghost (adept DsWr)
 37119 | Vaults:1 | Reached XP level 22. HP: 274/278 MP: 22/22
 37919 | Vaults:2 | Lost mutation: You are partially covered in large bone
                  | plates. (SH +4) [Jiyva's grace]
 37919 | Vaults:2 | Lost mutation: Your mind is very acute. (Int +8, Str/Dex
                  | -2) [Jiyva's grace]
 37919 | Vaults:2 | Lost mutation: You are very robust. (+20% HP) [Jiyva's
                  | grace]
 37919 | Vaults:2 | Lost mutation: Your muscles are very strong. (Str +8,
                  | Int/Dex -2) [Jiyva's grace]
 37919 | Vaults:2 | Lost mutation: Your muscles are strong. (Str +4, Int/Dex
                  | -1) [Jiyva's grace]
 37919 | Vaults:2 | Gained mutation: You can exhale a cloud of poison. [Jiyva's
                  | grace]
 37919 | Vaults:2 | Gained mutation: Armour fits poorly on your pseudopods.
                  | [Jiyva's grace]
 37919 | Vaults:2 | Gained mutation: Armour fits poorly on your large
                  | pseudopods. [Jiyva's grace]
 37919 | Vaults:2 | Gained mutation: Armour fits poorly on your massive
                  | pseudopods. [Jiyva's grace]
 38061 | Vaults:3 | Found Ylihi's Magic Scroll Emporium.
 38269 | Orc:2    | Bought the +10 tower shield of Ignorance {rN+ Int-4} for
                  | 1317 gold pieces
 38269 | Orc:2    | Found the +10 tower shield of Ignorance {rN+ Int-4}
 39047 | Vaults:3 | Found a staircase to the Crypt.
 39058 | Vaults:3 | Reached skill level 15 in Shields
 39344 | Crypt:1  | Entered Level 1 of the Crypt
 40057 | Vaults:4 | Lost mutation: You have very sharp teeth. [Jiyva's grace]
 40057 | Vaults:4 | Lost mutation: You have a pair of large horns on your head.
                  | [Jiyva's grace]
 40057 | Vaults:4 | Lost mutation: You have a pair of horns on your head.
                  | [Jiyva's grace]
 40057 | Vaults:4 | Lost mutation: Your tail ends in a wickedly sharp and
                  | venomous barb. [Jiyva's grace]
 40057 | Vaults:4 | Gained mutation: You are very agile. (Dex +8, Str/Int -2)
                  | [Jiyva's grace]
 40057 | Vaults:4 | Gained mutation: You have a pair of horns on your head.
                  | [Jiyva's grace]
 40057 | Vaults:4 | Gained mutation: You have a pair of large horns on your
                  | head. [Jiyva's grace]
 40057 | Vaults:4 | Gained mutation: You expend magic power (3 MP) to
                  | strengthen your wands. [Jiyva's grace]
 40790 | Elf:1    | Reached skill level 22 in Fighting
 41194 | Elf:3    | Entered Level 3 of the Elven Halls
 41281 | Elf:3    | Identified the +4 kite shield of Vehumet's Pride {*Corrode
                  | rC+ Str+3 Int+5}
 41281 | Elf:3    | Noticed Asterion
 41292 | Elf:3    | Killed Asterion
 41530 | Elf:3    | Reached XP level 23. HP: 180/267 MP: 23/23
 41690 | Elf:3    | Identified the +15 gold dragon scales of Hadjma {+Inv rPois
                  | rF+ rC+ rCorr Dex-3}
 41761 | Elf:3    | Identified the +4 dire flail of Anguish {heavy, Str+3}
 41844 | Elf:3    | Got the Directory of Telluric Iniquitous Rituals
 41883 | Elf:3    | Identified the +1 shortbow of Youthful Indiscretion
                  | {freeze, rN+ Dex+5}
 41889 | Elf:3    | Identified the +7 arbalest of Immorality {flame, rElec rC+
                  | Stlth+}
 42055 | Elf:3    | Identified the +5 shortbow "Yffot" {elec, rElec}
 42141 | Elf:3    | Lost mutation: You have a pair of large horns on your head.
                  | [Jiyva's grace]
 42141 | Elf:3    | Lost mutation: You have a pair of horns on your head.
                  | [Jiyva's grace]
 42141 | Elf:3    | Lost mutation: Your tail ends in a sharp venomous barb.
                  | [Jiyva's grace]
 42141 | Elf:3    | Lost mutation: You are very agile. (Dex +8, Str/Int -2)
                  | [Jiyva's grace]
 42141 | Elf:3    | Lost mutation: You are agile. (Dex +4, Str/Int -1) [Jiyva's
                  | grace]
 42141 | Elf:3    | Lost mutation: You expend magic power (3 MP) to strengthen
                  | your wands. [Jiyva's grace]
 42141 | Elf:3    | Gained mutation: Your tail ends in a sharp venomous barb.
                  | [Jiyva's grace]
 42141 | Elf:3    | Gained mutation: Your tail ends in a wickedly sharp and
                  | venomous barb. [Jiyva's grace]
 42141 | Elf:3    | Gained mutation: You passively dampen the noise of your
                  | surroundings. [Jiyva's grace]
 42141 | Elf:3    | Gained mutation: Your body has grown eyes which may confuse
                  | attackers. (Acc +3) [Jiyva's grace]
 42393 | Elf:3    | Found Cueth's Book Shop.
 42393 | Elf:3    | Found Cepofate's Jewellery Emporium.
 42394 | Elf:3    | Found Nawoebau's Jewellery Emporium.
 42665 | Vaults:5 | Entered Level 5 of the Vaults
 42695 | Vaults:5 | Noticed Xtahua
 42730 | Vaults:4 | Killed Xtahua
 42812 | Vaults:5 | Noticed Bai Suzhen
 42843 | Vaults:4 | Killed Bai Suzhen
 42964 | Vaults:5 | Identified the ring of Taibet {rN+ rCorr MP+9}
 43657 | Vaults:5 | Noticed a golden dragon
 43689 | Vaults:5 | Killed a golden dragon
 43906 | Vaults:5 | Found Ilurud's Armour Shop.
 44203 | Vaults:5 | Gained mutation: Your body sometimes deteriorates upon
                  | taking damage. [a cacodemon]
 44260 | Vaults:5 | Reached XP level 24. HP: 257/272 MP: 23/23
 44470 | Vaults:5 | Got Qehir's Reference Book on Glamour
 44541 | Vaults:5 | Got a silver rune of Zot
 44675 | Vaults:5 | Bought a scarf of resistance for 512 gold pieces
 44907 | Orc:2    | Bought a scroll of enchant weapon for 240 gold pieces
 44909 | Orc:2    | Bought a pair of encrusted gloves for 218 gold pieces
 44909 | Orc:2    | Identified the +0 pair of gloves of Lediu {-Cast Rampage
                  | rElec Stlth+} (You bought it in a shop on level 2 of the
                  | Orcish Mines)
 45089 | Depths:3 | Noticed a dread lich
 45112 | Depths:2 | Killed a dread lich
 45119 | Depths:3 | Found a snail-covered altar of Cheibriados.
 45157 | Depths:3 | Identified the amulet of Egalitarianism {Spirit rN+ Int-2
                  | SInv}
 45391 | Depths:3 | Lost mutation: You possess an exceptional clarity of mind.
                  | [Jiyva's grace]
 45391 | Depths:3 | Lost mutation: Your body sometimes deteriorates upon taking
                  | damage. [Jiyva's grace]
 45391 | Depths:3 | Lost mutation: Your body has grown eyes which may confuse
                  | attackers. (Acc +3) [Jiyva's grace]
 45391 | Depths:3 | Lost mutation: Armour fits poorly on your massive
                  | pseudopods. [Jiyva's grace]
 45391 | Depths:3 | Lost mutation: Armour fits poorly on your large pseudopods.
                  | [Jiyva's grace]
 45391 | Depths:3 | Lost mutation: You passively dampen the noise of your
                  | surroundings. [Jiyva's grace]
 45391 | Depths:3 | Gained mutation: Your flesh is cold resistant. (rC+)
                  | [Jiyva's grace]
 45391 | Depths:3 | Gained mutation: Your flesh is very cold resistant. (rC++)
                  | [Jiyva's grace]
 45391 | Depths:3 | Gained mutation: Your flesh is almost immune to the effects
                  | of cold. (rC+++) [Jiyva's grace]
 45391 | Depths:3 | Gained mutation: You are partially covered in iridescent
                  | scales. (AC +2) [Jiyva's grace]
 45490 | Depths:3 | Found a one-way gate to the infinite horrors of the Abyss.
 45732 | Depths:4 | Entered Level 4 of the Depths
 45732 | Depths:4 | Noticed a juggernaut
 45775 | Depths:3 | Killed a juggernaut
 45814 | Depths:4 | Found a gate to the Realm of Zot.
 45896 | Depths:4 | Reached skill level 23 in Fighting
 46043 | Depths:4 | Noticed a caustic shrike
 46044 | Depths:4 | Noticed a caustic shrike
 46044 | Depths:4 | Noticed a caustic shrike
 46044 | Depths:4 | Noticed a caustic shrike
 46049 | Depths:4 | Killed a caustic shrike
 46058 | Depths:4 | Killed a caustic shrike
 46074 | Depths:4 | Killed a caustic shrike
 46085 | Depths:4 | Killed a caustic shrike
 46437 | Depths:4 | Noticed a caustic shrike
 46438 | Depths:4 | Noticed a caustic shrike
 46438 | Depths:4 | Noticed a caustic shrike
 46443 | Depths:4 | Killed a caustic shrike
 46448 | Depths:4 | Killed a caustic shrike
 46453 | Depths:4 | Killed a caustic shrike
 46484 | Depths:4 | Noticed Mennas
 46529 | Depths:4 | Killed Mennas
 46735 | Depths:4 | Noticed a juggernaut
 46750 | Depths:4 | Killed a juggernaut
 47068 | Zot:1    | Entered Level 1 of the Realm of Zot
 48066 | Zot:2    | Reached XP level 25. HP: 291/291 MP: 23/23
 48091 | Zot:2    | Got the Compilation of the Foremost Songs
 48120 | Zot:2    | Noticed a Killer Klown
 48136 | Zot:2    | Killed a Killer Klown
 48545 | Zot:2    | Lost mutation: You have a pair of small horns on your head.
                  | [Jiyva's grace]
 48545 | Zot:2    | Lost mutation: Your mind is acute. (Int +4, Str/Dex -1)
                  | [Jiyva's grace]
 48545 | Zot:2    | Gained mutation: You have acidic saliva. [Jiyva's grace]
 48545 | Zot:2    | Gained mutation: You possess an exceptional clarity of
                  | mind. [Jiyva's grace]
 48545 | Zot:2    | Gained mutation: Armour fits poorly on your large
                  | pseudopods. [Jiyva's grace]
 48545 | Zot:2    | Gained mutation: Armour fits poorly on your massive
                  | pseudopods. [Jiyva's grace]
 49502 | Zot:5    | Entered Level 5 of the Realm of Zot
 49552 | Zot:4    | Noticed a Killer Klown
 49567 | Zot:4    | Killed a Killer Klown
 50324 | Zot:3    | Found a sacrificial altar of Ru.
 50534 | Zot:3    | Lost mutation: You are robust. (+10% HP) [mutagenic glow]
 50891 | Zot:3    | Found a broken altar of Ashenzari.
 51175 | Zot:3    | Found a sacrificial altar of Ru.
 51630 | Zot:3    | Found a broken altar of Ashenzari.
 52557 | Zot:4    | Found Yreq Desm's Changing Room.
 52618 | Zot:4    | Reached skill level 24 in Fighting
 52634 | Zot:4    | Reached XP level 26. HP: 218/277 MP: 23/23
 52863 | Zot:4    | Lost mutation: Your flesh is almost immune to the effects
                  | of cold. (rC+++) [Jiyva's grace]
 52863 | Zot:4    | Lost mutation: Your flesh is very cold resistant. (rC++)
                  | [Jiyva's grace]
 52863 | Zot:4    | Lost mutation: You can exhale a cloud of poison. [Jiyva's
                  | grace]
 52863 | Zot:4    | Lost mutation: Your rubbery body absorbs attacks. (AC +1,
                  | EV +1) [Jiyva's grace]
 52863 | Zot:4    | Lost mutation: Armour fits poorly on your massive
                  | pseudopods. [Jiyva's grace]
 52863 | Zot:4    | Lost mutation: You have a small jelly attached to you that
                  | may absorb projectiles. [Jiyva's grace]
 52863 | Zot:4    | Gained mutation: Armour fits poorly on your massive
                  | pseudopods. [Jiyva's grace]
 52863 | Zot:4    | Gained mutation: Your spells are a little harder to cast,
                  | but a little more powerful. [Jiyva's grace]
 52863 | Zot:4    | Gained mutation: Your spells are harder to cast, but more
                  | powerful. [Jiyva's grace]
 52863 | Zot:4    | Gained mutation: Your spells are much harder to cast, but
                  | much more powerful. [Jiyva's grace]
 53201 | Vaults:1 | Killed Adoajy's ghost
 53213 | Vaults:1 | Killed DizzySkin's ghost
 53394 | Orc:2    | Bought a potion of curing for 36 gold pieces
 53394 | Orc:2    | Bought a potion of haste for 120 gold pieces
 53394 | Orc:2    | Bought a potion of resistance for 120 gold pieces
 53688 | Zot:4    | Found Yreq Desm's Changing Room.
 54278 | Zot:5    | Noticed an ancient lich
 54292 | Zot:5    | Killed an ancient lich
 54335 | Zot:5    | Noticed an orb of fire
 54661 | Zot:5    | Noticed an ancient lich
 54674 | Zot:5    | Killed an ancient lich
 54675 | Zot:5    | Noticed a Killer Klown
 54684 | Zot:5    | Killed a Killer Klown
 54872 | Zot:5    | Noticed a Killer Klown
 54902 | Zot:5    | Killed a Killer Klown
 54940 | Zot:5    | Noticed an ancient lich
 54957 | Zot:5    | Killed an ancient lich
 55042 | Zot:5    | Noticed a Killer Klown
 55061 | Zot:5    | Killed a Killer Klown
 55084 | Zot:5    | Noticed an orb of fire
 55084 | Zot:5    | Gained mutation: Your body sometimes deteriorates upon
                  | taking damage. [an orb of fire]
 55097 | Zot:5    | Killed an orb of fire
 55106 | Zot:5    | Killed an orb of fire
 55113 | Zot:5    | Noticed an orb of fire
 55117 | Zot:5    | Noticed a Killer Klown
 55127 | Zot:5    | Killed a Killer Klown
 55131 | Zot:5    | Gained mutation: You are frail. (-10% HP) [an orb of fire]
 55143 | Zot:5    | Killed an orb of fire
 55166 | Zot:5    | Lost mutation: Your spells are much harder to cast, but
                  | much more powerful. [potion of mutation]
 55166 | Zot:5    | Lost mutation: You are frail. (-10% HP) [potion of
                  | mutation]
 55166 | Zot:5    | Lost mutation: Your tail ends in a wickedly sharp and
                  | venomous barb. [potion of mutation]
 55167 | Zot:5    | Lost mutation: You possess an exceptional clarity of mind.
                  | [potion of mutation]
 55167 | Zot:5    | Lost mutation: Your body sometimes deteriorates upon taking
                  | damage. [potion of mutation]
 55167 | Zot:5    | Gained mutation: You are frail. (-10% HP) [potion of
                  | mutation]
 55268 | Zot:5    | Noticed an ancient lich
 55277 | Zot:5    | Noticed a Killer Klown
 55292 | Zot:5    | Killed an ancient lich
 55297 | Zot:5    | Killed a Killer Klown
 55325 | Zot:5    | Noticed a Killer Klown
 55334 | Zot:5    | Killed a Killer Klown
 55507 | Zot:5    | Noticed an orb of fire
 55519 | Zot:5    | Gained mutation: Your flesh is heat resistant. (rF+) [an
                  | orb of fire]
 55530 | Zot:5    | Killed an orb of fire
 55614 | Zot:5    | Noticed an orb of fire
 55628 | Zot:5    | Gained mutation: Your body sometimes deteriorates upon
                  | taking damage. [an orb of fire]
 55634 | Zot:5    | Gained mutation: You are very frail. (-20% HP) [an orb of
                  | fire]
 55639 | Zot:5    | Gained mutation: You are dopey. (Int -2) [an orb of fire]
 55641 | Zot:5    | Killed an orb of fire
 55643 | Zot:5    | Lost mutation: You are very frail. (-20% HP) [potion of
                  | mutation]
 55643 | Zot:5    | Lost mutation: You have acidic saliva. [potion of mutation]
 55644 | Zot:5    | Lost mutation: Your flesh is cold resistant. (rC+) [potion
                  | of mutation]
 55644 | Zot:5    | Lost mutation: Your tail ends in a sharp venomous barb.
                  | [potion of mutation]
 55645 | Zot:5    | Lost mutation: Your spells are harder to cast, but more
                  | powerful. [potion of mutation]
 55645 | Zot:5    | Lost mutation: Your spells are a little harder to cast, but
                  | a little more powerful. [potion of mutation]
 55645 | Zot:5    | Gained mutation: Your spells are a little easier to cast,
                  | but a little less powerful. [potion of mutation]
 55677 | Zot:5    | Noticed an orb of fire
 55677 | Zot:5    | Gained mutation: Your health recovers twice as slowly from
                  | being drained. [an orb of fire]
 55698 | Zot:5    | Gained mutation: Your spells are easier to cast, but less
                  | powerful. [an orb of fire]
 55701 | Zot:5    | Gained mutation: You are very dopey. (Int -4) [an orb of
                  | fire]
 55707 | Zot:5    | Killed an orb of fire
 55718 | Zot:5    | Noticed an ancient lich
 55758 | Zot:5    | Killed an ancient lich
 55762 | Zot:5    | Noticed an orb of fire
 55784 | Zot:5    | Gained mutation: Your magical capacity is low. (-10% MP)
                  | [an orb of fire]
 55805 | Zot:5    | Killed an orb of fire
 55824 | Zot:5    | Noticed an ancient lich
 55832 | Zot:5    | Killed an ancient lich
 55845 | Zot:5    | Reached XP level 27. HP: 211/259 MP: 20/20
 55874 | Zot:5    | Noticed an orb of fire
 55876 | Zot:5    | Gained mutation: You occasionally lose the ability to drink
                  | potions when taking damage. [an orb of fire]
 55890 | Zot:5    | Killed an orb of fire
 55893 | Zot:5    | Lost mutation: Your magical capacity is low. (-10% MP)
                  | [potion of mutation]
 55893 | Zot:5    | Lost mutation: Your tail ends in a venomous barb. [potion
                  | of mutation]
 55893 | Zot:5    | Lost mutation: Your spells are easier to cast, but less
                  | powerful. [potion of mutation]
 55893 | Zot:5    | Lost mutation: Your spells are a little easier to cast, but
                  | a little less powerful. [potion of mutation]
 56432 | D:12     | Bought 2 potions of mutation for 224 gold pieces
 56432 | D:12     | Lost mutation: Armour fits poorly on your massive
                  | pseudopods. [potion of mutation]
 56432 | D:12     | Lost mutation: Armour fits poorly on your large pseudopods.
                  | [potion of mutation]
 56432 | D:12     | Lost mutation: Your body sometimes deteriorates upon taking
                  | damage. [potion of mutation]
 56432 | D:12     | Lost mutation: You are frail. (-10% HP) [potion of
                  | mutation]
 56433 | D:12     | Lost mutation: You are partially covered in iridescent
                  | scales. (AC +2) [potion of mutation]
 56433 | D:12     | Lost mutation: Armour fits poorly on your pseudopods.
                  | [potion of mutation]
 56433 | D:12     | Lost mutation: You are very dopey. (Int -4) [potion of
                  | mutation]
 56433 | D:12     | Gained mutation: You are frail. (-10% HP) [potion of
                  | mutation]
 56433 | D:12     | Gained mutation: You are clumsy. (Dex -2) [potion of
                  | mutation]
 56433 | D:12     | Gained mutation: You are partially covered in large bone
                  | plates. (SH +4) [potion of mutation]
 56707 | Shoals:2 | Killed Gupuycal's ghost
 56753 | Shoals:2 | Identified the +0 helmet of the Trees {Int+2}
 56756 | Shoals:2 | Lost mutation: You are dopey. (Int -2) [potion of mutation]
 56756 | Shoals:2 | Lost mutation: Your health recovers twice as slowly from
                  | being drained. [potion of mutation]
 56756 | Shoals:2 | Gained mutation: Your body sometimes deteriorates upon
                  | taking damage. [potion of mutation]
 57225 | Zot:5    | Got the Orb of Zot
 57498 | Depths:1 | Noticed Meofot the pandemonium lord
 57766 | D:4      | Noticed Vehoc the pandemonium lord
 57864 | D:$      | Escaped with the Orb!

Illustrated notes

Levels and vault maps discovered:
D:1:      dpeg_arrival_castle, layout_basic,
          shapermc_ecumenical_altar_rom_forum, minmay_pentomino_p4
D:2:      layout_basic, basic_altar, minmay_goblin_outpost, uniq_jessica,
          uniq_terence
D:3:      layout_loops_ring, ebering_ghost_inner_flame
D:4:      layout_basic
D:5:      kennysheep_slugbush, layout_rooms, minmay_temple_entry_butterflies,
          nicolae_tricolors
D:6:      layout_loops_ring, serial_shops, nicolae_shop_stone,
          cheibrodos_sewer_entry_bend
D:7:      old_forge, layout_rooms, minmay_nine_imps
D:8:      layout_loops_ring, nicolae_dithmenos_the_darkroom, xom_shifter_show,
          serial_shops, shop_statue, wad_woods_river_04,
          kennysheep_generic_room_2
D:9:      layout_irregular_city, lair_entry_dummy, enter_bailey_5
D:10:     minmay_the_grid_octo_tiled_octocenter [minmay_the_grid_octo_clover,
          minmay_the_grid_octo_shrine, minmay_the_grid_octo_checkerflower,
          minmay_the_grid_octo_horde, minmay_the_grid_octo_prize_single_spiral,
          minmay_the_grid_square_5x5_forky,
          minmay_the_grid_square_5x5_inverted_slash,
          minmay_the_grid_square_5x5_two_walls_a,
          minmay_the_grid_square_5x5_broken_cross], layout_basic
D:11:     layout_rooms, enter_trove_1, serial_curves, eino_curves_04,
          eino_curves_04, minmay_misc_feat_five, uniq_lodul
D:12:     layout_basic, zombieorc1_lemuel, serial_shops, shop,
          kennysheep_mini_moat, shop_fountains
D:13:     layout_long_grid, serial_rivers, chequers_serial_rivers_small_a,
          chequers_serial_rivers_micro_e, chequers_serial_rivers_marsh,
          chequers_serial_rivers_room_a, chequers_serial_rivers_micro_e,
          introduction_to_nature_2, uniq_kirke
D:14:     layout_layer_cave, erik_vaults_1, serial_bayou_shore_b, serial_glass,
          glass_columns_a, glass_columns_c, uniq_frances
D:15:     hellmonk_depths_entry_around_the_bend, layout_rooms,
          nicolae_tso_swordbearing_angel, nicolae_shop_sticking_my_neck_out,
          uniq_azrael, uniq_jorgrun, uniq_agnes
Lair:1:   layout_misc_corridors, minmay_shattered_shrine, grunt_megastairs_1
Lair:2:   layout_misc_corridors, shoals_dummy_entry, gammafunk_ghost_split
Lair:3:   layout_loops_ring, spider_nest_entry_rubble, serial_bayou_shore_a
Lair:4:   layout_regular_city, nicolae_slime_entry_field_trip,
          minmay_lair_oklob_bushes, grunt_forest_large_clearings,
          grunt_megastairs_4
Lair:5:   minmay_lair_end_enchanted_forest, layout_regular_city,
          gammafunk_ghost_hydra_chop, minmay_lair_drake_nest
Shoals:1: layout_shoals, ldierk_geyser
Shoals:2: nicolae_shoals_lighthouse, layout_shoals, serial_shops,
          nicolae_take_the_stairs, gammafunk_ghost_tricky_traps,
          nicolae_shoals_arrival_archipelago, uniq_aizul
Shoals:3: layout_shoals, nicolae_shoals_water_booths
Shoals:4: shoals_end_hellmonk_holy_island, uniq_polyphemus
Spider:1: layout_spider_delve
Spider:2: layout_spider_delve
Spider:3: nicolae_spider_mines_3
Spider:4: grunt_spider_rune_circles, drop_trap
Slime:1:  layout_caves
Slime:2:  layout_caves, nicolae_slime_welcoming_committee
Slime:3:  layout_caves
Slime:4:  layout_caves
Slime:5:  slime_pit_nicolae_amoeboid
Orc:1:    minmay_goldmine, layout_diamond_mine, basic_altar,
          einodemon_barbed_minivault
Orc:2:    st_orc_ogre_mass, layout_caves, nicolae_orc_damp_corner,
          nicolae_orc_minecarts
Elf:1:    layout_rooms, serial_shops, nicolae_shop_gaudy_bauble,
          nicolae_elf_blasts_and_bolts, uniq_zenata
Elf:2:    nicolae_elf_blades_crystal_corner, layout_gridlike, uniq_donald
Elf:3:    grunt_elf_hall_branching, layout_loops_corners, minmay_shop_grove,
          uniq_asterion
Vaults:1: advil_vaults_ghost_guards, nicolae_vaults_sesquioval_fish,
          nicolae_vaults_shrinking_rooms_2, ontoclasm_vaults_chip, v_pattern_2,
          nicolae_vaults_weapon_check, vaults_room_corners,
          ontoclasm_vaults_claustrophobia, nicolae_vaults_diamond_2,
          st_more_cells, layout_vaults_ring
Vaults:2: nicolae_vaults_two_Ls, vaults_room_grid, hangedman_vaults_nails,
          nicolae_vaults_three_branches, hangedman_vaults_locks,
          vaults_mumra_hexcomb, hangedman_vaults_trim, v_misc_19,
          layout_vaults_big_room
Vaults:3: nicolae_vaults_little_ls, nicolae_vaults_tetromino_L_2, v_misc_15,
          ontoclasm_vaults_gateway, vaults_room_semicircle,
          nicolae_vaults_angled_halls, vaults_dpeg_spiral,
          ontoclasm_vaults_ring_square, minmay_crypt_entry_simple_round,
          v_misc_18, vaults_mumra_chevron, v_pattern_1, v_rooms_5, v_misc_17,
          layout_vaults_omnibox, serial_shops, shop
Vaults:4: nicolae_vaults_trapezoid_2, vaults_room_stairs_pillars,
          hangedman_vaults_impose, nicolae_vaults_trapezoid_2,
          nicolae_vaults_tetromino_T_2, nicolae_vaults_octothorpe,
          nicolae_vaults_little_squares_4, ontoclasm_vaults_tryst,
          grunt_vaults_diagonal, layout_vaults_omnigrid
Vaults:5: uniq_xtahua, uniq_bai_suzhen
Crypt:1:  dreamdust_cat_pyramid, layout_chaotic_city, grunt_crypt_arrival_split,
          lemuel_upstairs_altar
Depths:1: layout_basic, pf_hell_entry_tar_river, grunt_pan_entry_spiral,
          grunt_decor_resistance, roderic_malta_cross, nicolae_ru_path_of_blood
Depths:2: dreamdust_hydra_shepherd, layout_basic, enter_ziggurat_f, hellmouth_1,
          rand_demon_pan_entry_5, uniq_boris
Depths:3: nicolae_legendary_halls, layout_gridlike, grunt_hell_horde,
          cheibriados_altar_1, abyss_entry_crystal, minmay_staircase_statues
Depths:4: evilmike_zot_entry_diamond, layout_gridlike, grunt_pan_entry_zigzag,
          hangedman_coc_ice_floe, uniq_mennas
Zot:1:    layout_twisted_circle
Zot:2:    layout_concentric_octagons, st_single_dragon_hoard_1, st_stairs_9
Zot:3:    layout_gridlike, hangedman_feature_mirror, grunt_megastairs_5
Zot:4:    layout_misc_corridors, drop_trap, grunt_ministairs_12,
          nicolae_transmutations_shop
Zot:5:    layout_misc_corridors

Skill      XL: |  1  2  3  4  5  6  7  8  9 10 11 12 13 14 15 16 17 18 19 20 21 22 23 24 25 26 |
---------------+-------------------------------------------------------------------------------+-----
Fighting       | 3 4 5 6 7 8 10 11 12 13 14 15 17 18 19 20 21 22 23 24 | 24.7
Short Blades   | 3 |  3.0
Unarmed Combat | 1 |  1.0
Maces & Flails | 1 2 5 6 8 10 12 13 14 16 | 16.0
Dodging        | 1 5 7 9 10 | 10.0
Evocations     | 3 4 5 6 7 8 |  8.0
Armour         | 2 5 7 9 11 12 13 14 15 17 18 19 20 | 20.9
Shields        | 3 4 5 7 9 11 12 13 15 17 18 20 21 | 21.8
Shapeshifting  | 3 5 7 8 9 10 11 | 11.0
Throwing       | |  1.7
Stealth        | |  5.8

Action                     |  1- 3 |  4- 6 |  7- 9 | 10-12 | 13-15 | 16-18 | 19-21 | 22-24 | 25-27 || total
---------------------------+-------+-------+-------+-------+-------+-------+-------+-------+-------++-------
  Melee: Dagger            |    59 |    95 |       |       |       |       |       |       |       ||   154
         Punch             |       |     1 |     6 |    14 |    19 |       |       |       |       ||    40
         Bite              |       |    16 |    15 |       |   127 |   242 |   250 |    60 |   193 ||   903
         Whip              |       |    36 |   367 |    10 |       |       |       |       |       ||   413
         Pseudopods        |       |       |    55 |   101 |   373 |   253 |   130 |   560 |   427 ||  1899
         Eveningstar       |       |       |       |   409 |  1177 |  1187 |  1275 |  1631 |  1273 ||  6952
         Constrict         |       |       |       |       |   269 |   272 |   262 |   273 |   135 ||  1211
         Headbutt          |       |       |       |       |       |   351 |   465 |   629 |    39 ||  1484
  Throw: Dart              |     2 |       |       |     3 |     1 |       |       |       |       ||     6
 Invoke: Slimify           |       |     1 |     1 |       |       |       |       |     1 |       ||     3
         Oozemancy         |       |       |     2 |     2 |       |       |     2 |     1 |       ||     7
Ability: Spit Poison       |    17 |    24 |    12 |    14 |     2 |     3 |       |     2 |     1 ||    75
         Breathe Poison Ga |       |       |       |       |       |       |       |     5 |     1 ||     6
         Evoke Invisibilit |       |       |       |       |       |       |       |     1 |       ||     1
  Evoke: Wand              |       |       |       |     2 |       |       |       |       |     2 ||     4
    Use: Potion            |       |       |     2 |     3 |     4 |     1 |     7 |     4 |    23 ||    44
         Scroll            |       |       |     1 |    14 |    15 |     4 |     6 |     5 |     6 ||    51
   Stab: Sleeping          |     1 |       |     4 |     1 |     2 |     1 |       |     1 |       ||    10
         Distracted        |       |       |       |     1 |     1 |     1 |     2 |     2 |       ||     7
         Petrified         |       |       |       |     8 |       |       |       |       |       ||     8
         Invisible         |       |       |       |       |       |       |     1 |       |     2 ||     3
         Confused          |       |       |       |       |       |       |       |     4 |       ||     4
 Armour: Robe              |    28 |    22 |       |       |       |       |       |       |       ||    50
         Leather armour    |       |    78 |   281 |     6 |       |       |       |       |       ||   365
         Fire dragon scale |       |       |       |   419 |   698 |   796 |   169 |   160 |       ||  2242
         Skin              |       |       |       |    13 |       |       |       |    69 |       ||    82
         Chain mail        |       |       |       |       |   217 |   191 |   971 |       |       ||  1379
         Gold dragon scale |       |       |       |       |       |       |       |   549 |   648 ||  1197
  Dodge: Dodged            |    20 |    56 |   168 |   178 |   543 |  1246 |  1065 |   454 |   237 ||  3967
  Block: Other             |       |       |       |    20 |   122 |       |       |       |       ||   142
         Buckler           |       |       |       |       |   271 |   764 |   780 |       |       ||  1815
         Reflection        |       |       |       |       |     8 |    30 |    39 |   102 |    51 ||   230
         Kite shield       |       |       |       |       |       |       |   205 |   148 |       ||   353
         Tower shield      |       |       |       |       |       |       |       |  2160 |  1782 ||  3942
